Map: King's Cove LE

Players

Future

  • Race: Terran Terran
  • League: Grandmaster
  • Spawn Location: 5:00

Probe - Winner!

  • Race: Protoss Protoss
  • Spawn Location: 11:00

Event: 2019 WCS Winter Americas

VOD

Have the link to the VOD?

Description

Time

  • Played on: Feb. 7, 2019, 1:12 p.m.
  • Length: 12:44

All games in this series

Show
View Real Time Build Order
Export as new Build Order

Future Terran 

Build Orders: Reaper Expand 

Get SALT Encoding   

  12  0:00  SCV  
  13  0:12  SCV  
  14  0:18  Supply Depot  
  14  0:25  SCV  
  15  0:39  SCV  
  15  0:41  Barracks  
  16  0:45  Refinery  
  16  0:51  SCV  
  17  1:04  SCV  
  18  1:16  SCV  
  19  1:28  Reaper, Orbital Command  
  20  1:45  Command Center  
  20  1:54  SCV  
  20  1:57  Supply Depot  
  20  2:00  Marine  
  22  2:06  SCV  
  23  2:12  Factory  
  23  2:19  SCV  
  23  2:20  Refinery  
  24  2:25  Barracks Reactor  
  24  2:31  SCV  
  25  2:43  SCV  
  25  2:55  SCV  
  25  2:56  Widow Mine  
  25  2:57  Orbital Command  
  25  2:58  Starport  
  28  3:01  Marine  
  28  3:02  Marine  
  30  3:07  SCV  
  31  3:18  Widow Mine  
  31  3:19  SCV, Marine x2  
  35  3:25  SCV  
  37  3:31  SCV  
  38  3:37  SCV, Marine x2  
  38  3:38  Supply Depot  
  38  3:40  Widow Mine  
  43  3:44  SCV  
  44  3:49  SCV  
  44  3:50  Bunker  
  45  3:56  SCV  
  45  4:00  Barracks  
  45  4:01  SCV  
  45  4:02  Barracks  
  47  4:05  Engineering Bay  
  47  4:08  Marine  
  47  4:09  SCV  
  50  4:13  SCV  
  50  4:14  Supply Depot  
  50  4:17  Starport Tech Lab, Factory Tech Lab  
  50  4:21  SCV  
  51  4:25  SCV  
  51  4:26  Supply Depot  
  51  4:29  Refinery  
  52  4:32  Terran Infantry Weapons Level 1  
  52  4:33  SCV  
  52  4:37  Missile Turret  
  53  4:39  SCV  
  54  4:45  SCV  
  54  4:47  Marine x2  
  54  4:48  Starport Reactor  
  54  4:49  Factory Reactor  
  57  4:54  SCV  
  57  4:55  Combat Shield  
  57  4:56  Stimpack  
  57  4:57  SCV  
  57  4:58  Marine x2  
  61  5:03  Supply Depot  
  61  5:06  Marine  
  61  5:07  Marine  
  62  5:11  SCV  
  64  5:14  Supply Depot  
  64  5:16  Marauder x2  
  64  5:17  Refinery  
  64  5:18  SCV  
  69  5:28  Marine x2, Widow Mine x2  
  73  5:38  Marauder x2  
  73  5:40  Medivac  
  73  5:41  Medivac  
  79  5:44  Supply Depot  
  79  5:45  Marine  
  79  5:46  Supply Depot, Marine  
  79  5:47  SCV x2  
  83  5:51  Widow Mine  
  83  5:56  Supply Depot  
  85  6:03  Marine  
  86  6:05  Marine  
  86  6:06  Marauder x2, Widow Mine  
  93  6:13  Medivac x2  
  97  6:21  Marine  
  97  6:23  Marine  
  101  6:25  Liberator x2  
  101  6:27  Marauder x2, Supply Depot  
  103  6:34  Supply Depot  
  102  6:43  Marine  
  102  6:44  Marine  
  110  6:49  Marauder, Widow Mine x2  
  110  6:50  Marauder  
  118  6:57  Supply Depot  
  116  7:04  Marine  
  116  7:08  Liberator, Marine  
  111  7:11  Marauder, Liberator  
  111  7:12  Marauder  
  111  7:14  Widow Mine x2  
  101  7:27  Terran Infantry Armor Level 1  
  103  7:33  Marauder x2  
  103  7:34  Marine  
  103  7:35  Widow Mine x2  
  103  7:36  Marine  
  113  7:42  Concussive Shells  
  113  7:52  Marine  
  113  7:53  Marine  
  113  7:54  Marauder x2  
  119  8:01  Command Center  
  119  8:05  Widow Mine x2  
  123  8:11  Supply Depot  
  123  8:13  Liberator x2  
  92  8:31  Marauder, Marine  
  92  8:32  Marauder, Marine  
  92  8:38  Barracks  
  92  8:39  Barracks  
  76  8:49  Widow Mine x2, Marine  
  76  8:50  Marine  
  76  8:53  Marauder x2  
  86  8:56  Armory  
  86  9:02  Engineering Bay  
  86  9:08  SCV x2  
  88  9:11  Widow Mine x2  
  88  9:15  Orbital Command  
  92  9:20  SCV x2  
  92  9:22  Medivac  
  96  9:24  Medivac  
  96  9:28  Barracks Tech Lab  
  96  9:29  Barracks Reactor  
  98  9:32  SCV x2  
  98  9:35  Marauder, Marine  
  98  9:38  Marauder  
  105  9:39  Marine  
  105  9:41  SCV  
  105  9:43  Widow Mine x2  
  111  9:48  Terran Infantry Weapons Level 2  
  111  9:51  Terran Infantry Armor Level 2  
  111  9:54  Refinery  
  111  9:56  SCV  
  112  10:01  Marauder x2  
  112  10:03  Marauder, Marine  
  112  10:06  Marine x2  
  121  10:07  Marine  
  121  10:11  Medivac  
  124  10:18  Medivac  
  126  10:21  Marine  
  126  10:22  Marauder x2  
  126  10:24  Marauder, Marine x2  
  126  10:27  Widow Mine x2  
  139  10:31  Supply Depot x2  
  139  10:32  Liberator x2, Supply Depot  
  139  10:35  Ghost Academy  
  139  10:41  Missile Turret  
  139  10:43  Missile Turret  
  139  10:48  Marine x2  
  139  10:49  Marine x2  
  149  11:02  Refinery, Supply Depot x2  
  149  11:05  Ghost  
  149  11:07  Ghost  
  152  11:24  Ghost  
  153  11:29  Marine x4  
  153  11:30  Liberator x2  
  146  11:33  SCV x2  
  137  11:50  Marauder  
  137  11:52  Marauder, Marine x2  
  137  11:53  Marauder  
  151  11:58  Marine  
  151  12:00  Marine  
  150  12:11  Marauder  
Show
View Real Time Build Order
Export as new Build Order

Probe Protoss - Winner!

Build Orders: 1 Gate Expand, Blink Stalkers 

Get SALT Encoding   

  12  0:00  Probe  
  13  0:13  Probe  
  14  0:18  Pylon  
  14  0:24  Probe  
  15  0:32  Probe  
  15  0:38  Gateway  
  15  0:40  Probe  
  16  0:47  Assimilator  
  17  0:51  Probe  
  18  1:03  Probe  
  19  1:15  Probe  
  20  1:24  Nexus  
  20  1:34  Cybernetics Core  
  20  1:38  Probe  
  21  1:43  Assimilator  
  21  1:50  Probe  
  21  1:54  Pylon  
  22  2:01  Probe  
  22  2:02  Adept  
  23  2:09  Probe  
  26  2:17  Twilight Council  
  26  2:18  Probe  
  27  2:23  Warp Gate  
  27  2:29  Probe  
  26  2:39  Stalker, Probe  
  26  2:43  Probe  
  29  2:44  Blink  
  30  2:51  Probe  
  30  2:52  Probe  
  32  3:04  Probe x2  
  34  3:12  Stalker  
  36  3:16  Probe x2  
  38  3:20  Robotics Facility  
  38  3:28  Probe x2  
  40  3:37  Gateway  
  40  3:40  Probe x2  
  42  3:42  Gateway  
  42  3:50  Probe, Pylon  
  42  3:52  Probe  
  44  3:58  Probe  
  44  4:01  Pylon  
  45  4:04  Assimilator, Probe  
  45  4:06  Probe  
  45  4:08  Observer  
  47  4:15  Stalker  
  47  4:16  Probe  
  51  4:23  Nexus  
  51  4:25  Probe  
  51  4:29  Observer, Probe  
  54  4:36  Stalker  
  54  4:37  Stalker  
  58  4:42  Pylon  
  58  4:44  Probe x2  
  60  4:51  Observer  
  61  4:59  Forge, Probe  
  62  5:00  Forge, Probe  
  62  5:05  Observer, Protoss Ground Armor Level 1, Pylon  
  63  5:08  Charge  
  63  5:10  Sentry x2  
  63  5:11  Zealot, Protoss Ground Weapons Level 1  
  63  5:13  Probe  
  70  5:17  Observer  
  70  5:23  Probe  
  70  5:26  Gateway  
  70  5:28  Probe, Gateway  
  71  5:43  Probe x2, Gateway  
  71  5:44  Gateway  
  71  5:46  Probe  
  74  5:51  Gateway  
  74  5:52  Observer  
  74  5:55  Probe x2  
  77  5:58  Probe  
  78  6:05  Zealot x2  
  78  6:07  Probe  
  78  6:08  Pylon  
  83  6:13  Zealot  
  85  6:21  Immortal  
  89  6:29  Zealot x4  
  89  6:32  Pylon x2  
  97  6:43  Zealot, Sentry  
  97  6:45  Pylon  
  101  6:47  Pylon  
  101  6:50  Pylon  
  101  6:53  Stalker x2, Zealot  
  101  6:54  Zealot x2  
  111  7:04  Protoss Ground Armor Level 2  
  111  7:06  Protoss Ground Weapons Level 2  
  111  7:07  Zealot x3  
  109  7:12  Immortal  
  110  7:20  Zealot  
  110  7:21  Zealot x4, Probe  
  110  7:22  Probe x2  
  109  7:33  Zealot x2, Sentry  
  109  7:34  Probe x2  
  115  7:42  Probe  
  116  7:46  Probe  
  116  7:48  Zealot  
  116  7:49  Zealot x3  
  125  7:52  Pylon  
  125  7:54  Observer  
  126  8:02  Stalker x2, Zealot x2  
  134  8:09  Stalker, Zealot  
  134  8:10  Zealot x2  
  128  8:25  Zealot x4  
  114  8:27  Immortal, Probe  
  114  8:33  Probe x2  
  111  8:35  Nexus  
  109  8:47  Probe  
  109  8:48  Zealot x4, Sentry x2  
  108  8:53  Assimilator, Pylon  
  108  8:55  Assimilator  
  112  9:01  Protoss Ground Weapons Level 3, Protoss Ground Armor Level 3  
  112  9:04  Zealot x2  
  116  9:13  Zealot x5  
  126  9:20  Templar Archives  
  126  9:25  Zealot x3  
  132  9:46  Zealot x3, Psionic Storm, Pylon  
  138  9:53  Zealot x3  
  138  9:59  Pylon  
  144  10:08  Warp Prism  
  144  10:09  High Templar x2  
  144  10:12  Zealot x2  
  144  10:13  Zealot  
  156  10:16  Pylon  
  156  10:17  Assimilator x2  
  156  10:22  High Templar  
  156  10:26  Photon Cannon, Shield Battery  
  158  10:30  High Templar  
  158  10:32  Zealot x2  
  158  10:33  Zealot x2  
  168  10:39  Probe x4  
  172  10:52  Zealot  
  172  10:53  Zealot x4  
  172  10:54  Robotics Facility  
  182  10:57  Robotics Bay  
  182  10:58  Zealot x2  
  186  11:04  Warp Prism  
  186  11:07  Pylon  
  186  11:09  Dark Shrine  
  188  11:21  Zealot x4  
  195  11:38  Colossus x2  
  189  11:45  Zealot x7  
  189  11:46  Stalker  
  194  12:06  Stalker x6  
  180  12:25  Dark Templar  
  180  12:29  Dark Templar  
  182  12:32  Zealot x2  
  190  12:40  Archon  
Tags
 
Add a new tag
Caveats
  • Supply blocks, unpowered buildings, or Contaminate may cause inaccurate times.
  • Supply counts are checked every 10 seconds.